 Dungeon Crawl Stone Soup version 0.28.0-53-g5a82cb258f (webtiles) character file.

Game seed: 13580315168444562556

74 mcbry74 the Vexing (level 4, -2/34 HPs)
             Began as a Gnoll Arcane Marksman on June 24, 2022.
             Slain by an orc priest
             ... wielding a +0 flail
              (4 damage)
             ... on level 3 of the Dungeon.
             The game lasted 00:10:59 (3408 turns).

mcbry74 the Vexing (Gnoll Arcane Marksman)          Turns: 3408, Time: 00:11:00

Health: -2/34      AC:  6    Str: 10    XL:     4   Next: 30%
Magic:  8/8        EV: 11    Int: 14    God:
Gold:   157        SH:  0    Dex: 12    Spells: 8/9 levels left

rFire   . . .      SeeInvis .   b - +3 dagger
rCold   . . .      Faith    .   (no shield)
rNeg    . . .      Spirit   .   n - +0 ring mail
rPois   .          Reflect  .   (no helmet)
rElec   .          Harm     .   (no cloak)
rCorr   .          Rampage  .   l - +0 pair of gloves
Will    .....                   (no boots)
Stlth   +.........              (no amulet)
HPRegen 0.11/turn               (no ring)
MPRegen 0.11/turn               (no ring)

@: no status effects
A: fangs 1, strong nose, distributed training
a: no special abilities


You were on level 3 of the Dungeon.
You visited 1 branch of the dungeon, and saw 3 of its levels.

You collected 157 gold pieces.

Inventory:

Hand Weapons
 a - a +0 shortbow
 b - a +3 dagger (weapon)
 e - a +0 whip
 g - a +0 rapier
 i - a +0 dagger
 j - a +0 club
 p - a +0 hunting sling
 r - a +0 trident
Missiles
 c - 13 arrows
 f - 99 stones (quivered)
 h - 3 boomerangs of dispersal
Armour
 d - a +0 robe
 l - a +0 pair of gloves (worn)
 m - a +0 pair of gloves
 n - a +0 ring mail (worn)
Scrolls
 k - a scroll of fog
 q - a scroll of immolation {unknown}
Potions
 o - a potion of cancellation {unknown}


   Skills:
 + Level 2.7 Fighting
 + Level 1.1 Short Blades
 + Level 1.1 Long Blades
 + Level 1.1 Axes
 + Level 1.1 Maces & Flails
 + Level 1.1 Polearms
 + Level 1.1 Staves
 + Level 1.1 Slings
 + Level 4.6 Bows
 + Level 1.1 Crossbows
 + Level 1.1 Throwing
 + Level 1.1 Armour
 + Level 4.6 Dodging
 + Level 1.1 Stealth
 + Level 1.1 Shields
 + Level 1.1 Unarmed Combat
 + Level 3.0 Spellcasting
 + Level 0.8 Conjurations
 + Level 5.4 Hexes
 + Level 0.8 Summonings
 + Level 0.8 Necromancy
 + Level 0.8 Translocations
 + Level 0.8 Transmutations
 + Level 0.8 Fire Magic
 + Level 0.8 Ice Magic
 + Level 0.8 Air Magic
 + Level 0.8 Earth Magic
 + Level 0.8 Poison Magic
 + Level 1.2 Invocations
 + Level 1.1 Evocations


You had 8 spell levels left.
You knew the following spells:

 Your Spells              Type           Power      Damage    Failure   Level
a - Slow                  Hex            68%        N/A       6%          1

Your spell library contained the following spells:

 Spells                   Type           Power      Damage    Failure   Level
 Animate Skeleton         Necr           8%         N/A       36%         1
 Pain                     Necr           16%        1d4       36%         1
 Inner Flame              Hex/Fire       11%        N/A       41%         3
 Portal Projectile        Hex/Tloc       22%        N/A       41%         3
 Corpse Rot               Necr/Air       8%         N/A       50%         2
 Cause Fear               Hex            8%         N/A       50%         4
 Call Canine Familiar     Summ           4%         N/A       75%         3
 Vampiric Draining        Necr           4%         2d6       75%         3
 Leda's Liquefaction      Hex/Erth       5%         N/A       82%         4
 Dispel Undead            Necr           4%         3d7       98%         4
 Death Channel            Necr           2%         N/A       100%        6


Dungeon Overview and Level Annotations

Branches:
Dungeon (3/15)

Altars:


Innate Abilities, Weirdness & Mutations

You have very sharp teeth.
Your uncanny sense of smell can sniff out nearby items.
Your experience applies equally to all skills.


Message History

The orc hits you but does no damage.
You hit the orc.
You kill the orc!
You start resting.
HP restored.
Items here: )) [ ††.
c - 11 arrows (gained 1)
c - 13 arrows (gained 2)
Items here: )) [ ††.
r - a +0 trident You open the door.
There is an open door here.
There is an open door here.
You open the door.
There is an open door here.
You open the door.
There is an open door here.
The orc priest calls down the wrath of Beogh upon you.
Beogh smites you!
The orc priest begins to cast a cantrip, but forgets the words!
The orc priest barely misses you.
You hit the orc priest.
The orc priest is lightly wounded.
The orc priest misses you.
You barely miss the orc priest.
The orc priest is lightly wounded.
The orc priest hits you with a +0 flail.
You barely miss the orc priest.
The orc priest is lightly wounded.
The orc priest hits you with a +0 flail.
You puncture the orc priest!
The orc priest is severely wounded.
The orc priest mumbles some strange prayers to Beogh against you.
Pain shoots through your body!
* * * LOW HITPOINT WARNING * * *
You barely miss the orc priest.
You bite the orc priest, but do no damage.
The orc priest is severely wounded.
The orc priest hits you with a +0 flail.
You die...

#.#####.#..
#.#####.#..
#.....^.o..
#.....#.#.o
###.....#.#..
##########.......#.#..
#................#.#..
#......###.......#'###
#...o@...'..>.........
#......###.....##...##
#......# #.....##...##
#......# #............
#......# #............
#......# #............
#......# #............
#......# #............
#############.......


You could see an orc priest.

Vanquished Creatures
  3 adders
  A dart slug (D:3)
  4 orcs
  4 ball pythons
  6 bats
  3 endoplasms
  3 goblins
  5 hobgoblins
  A quokka (D:1)
  5 frilled lizards
  3 kobolds
  2 rats
40 creatures vanquished.

Notes
Turn   | Place    | Note
-------+----------+-------------------------------------------
     0 | D:1      | mcbry74 the Gnoll Arcane Marksman began the quest for the
                  | Orb.
     0 | D:1      | Reached XP level 1. HP: 17/17 MP: 4/4
   194 | D:1      | Found a faded altar of an unknown god.
   250 | D:1      | Reached XP level 2. HP: 15/23 MP: 5/5
  1819 | D:2      | Reached XP level 3. HP: 26/28 MP: 7/7
  2227 | D:3      | Reached skill level 1 in Invocations
  2302 | D:3      | Reached skill level 1 in Short Blades
  2302 | D:3      | Reached skill level 1 in Long Blades
  2302 | D:3      | Reached skill level 1 in Axes
  2302 | D:3      | Reached skill level 1 in Maces & Flails
  2302 | D:3      | Reached skill level 1 in Polearms
  2302 | D:3      | Reached skill level 1 in Staves
  2302 | D:3      | Reached skill level 1 in Slings
  2302 | D:3      | Reached skill level 1 in Crossbows
  2302 | D:3      | Reached skill level 1 in Throwing
  2302 | D:3      | Reached skill level 1 in Armour
  2302 | D:3      | Reached skill level 1 in Stealth
  2302 | D:3      | Reached skill level 1 in Shields
  2302 | D:3      | Reached skill level 1 in Unarmed Combat
  2302 | D:3      | Reached skill level 1 in Evocations
  2308 | D:3      | Reached XP level 4. HP: 18/34 MP: 8/8
  3408 | D:3      | Slain by an orc priest

Illustrated notes

Levels and vault maps discovered:
D:1:      lightli_arrival_maybe_door_vault, layout_basic,
          hellmonk_ecumenical_altar_run_dry
D:2:      layout_basic
D:3:      layout_basic, hangedman_glass_teeth, grunt_decor_arrowhead,
          minivault_27

Skill      XL: |  1  2  3  4 |
---------------+-------------+-----
Invocations    | 1 |  1.2
Short Blades   | 1 |  1.1
Long Blades    | 1 |  1.1
Axes           | 1 |  1.1
Maces & Flails | 1 |  1.1
Polearms       | 1 |  1.1
Staves         | 1 |  1.1
Slings         | 1 |  1.1
Crossbows      | 1 |  1.1
Throwing       | 1 |  1.1
Armour         | 1 |  1.1
Stealth        | 1 |  1.1
Shields        | 1 |  1.1
Unarmed Combat | 1 |  1.1
Evocations     | 1 |  1.1
Spellcasting   | 3 |  3.0
Fighting       | |  2.7
Bows           | |  4.6
Dodging        | |  4.6
Conjurations   | |  0.8
Hexes          | |  5.4
Summonings     | |  0.8
Necromancy     | |  0.8
Translocations | |  0.8
Transmutations | |  0.8
Fire Magic     | |  0.8
Ice Magic      | |  0.8
Air Magic      | |  0.8
Earth Magic    | |  0.8
Poison Magic   | |  0.8

Action                   |  1- 3 |  4- 6 || total
-------------------------+-------+-------++-------
Melee: Club              |    35 |       ||    35
       Bite              |     6 |     2 ||     8
       Dagger            |    38 |    36 ||    74
 Fire: Shortbow          |    31 |     3 ||    34
Throw: Stone             |     9 |     2 ||    11
  Use: Scroll            |     3 |       ||     3
Armor: Robe              |    14 |       ||    14
       Ring mail         |     8 |    11 ||    19
Dodge: Dodged            |    57 |    17 ||    74
